 Dungeon Crawl Stone Soup version 0.17.0-18-gaab0e96 (webtiles) character file.

193012 oplop the Impaler (level 18, -6/142 HPs)
             Began as a Merfolk Ice Elementalist on Nov 11, 2015.
             Was the Champion of Cheibriados.
             Killed from afar by a greater naga (18 damage)
             ... with a poison arrow
             ... on level 4 of the Snake Pit.
             The game lasted 01:43:09 (32476 turns).

oplop the Impaler (Merfolk Ice Elementalist)       Turns: 32476, Time: 01:43:34

Health: -6/142     AC: 29    Str: 27    XL:     18   Next: 70%
Magic:  10/34      EV: 38    Int: 30    God:    Cheibriados [******]
Gold:   1206       SH: 11    Dex: 34    Spells: 7 memorised, 17 levels left

rFire  . . .     SeeInvis +     a - +8 glaive of the Guard {elec, +Rage AC+5 SInv}
rCold  + + +     Clarity  .     g - +2 robe {MR+}
rNeg   + + .     SustAt   +     (shield currently unavailable)
rPois  +         Gourm    .     T - +1 hat {MR+}
rElec  +         Spirit   .     p - +2 cloak
rCorr  .         Warding  .     A - +2 pair of gloves {Dex+3}
rMut   +         Stasis   .     M - +0 pair of boots of Piceige {rElec rN++}
MR     +++..                    B - amulet of resist mutation
Stlth  +++.......               d - +6 ring of evasion
                                q - ring "Xotokh" {SustAt rElec rPois rC+++ Str-2}

@: lethally poisoned (-6 -> -7), icy armour, icy shield, very slightly
contaminated, very slow, extremely resistant to hostile enchantments, fairly
stealthy
A: change form in water, swift swim, large bone plates 1, regeneration 1,
evolution 1
a: Bend Time, Temporal Distortion, Slouch, Step From Time, Renounce Religion,
Evoke Berserk Rage


You were on level 4 of the Snake Pit.
You worshipped Cheibriados.
Cheibriados was exalted by your worship.
You were not hungry.

You visited 6 branches of the dungeon, and saw 36 of its levels.
You also visited: Ice Cave and Volcano.

You collected 3775 gold pieces.
You spent 2569 gold pieces at shops.

Inventory:

Hand Weapons
 a - the +8 glaive of the Guard (weapon) {elec, +Rage AC+5 SInv}
   (You found it on level 11 of the Dungeon)

   Occasionally, upon striking a foe, it will discharge some electrical energy
   and cause terrible harm.
   It affects your AC (+5).
   It lets you see invisible.
   It lets you go berserk.
Armour
 g - a +2 robe of magic resistance (worn)
 p - a +2 cloak (worn)
 A - a +2 pair of gloves of dexterity (worn)
 M - the +0 pair of boots of Piceige (worn) {rElec rN++}
   (You found it in an ice cave)

   It insulates you from electricity.
   It greatly protects you from negative energy.
 T - a +1 hat of magic resistance (worn)
Magical Staves
 F - an uncursed staff of wizardry
 G - an uncursed staff of cold
Jewellery
 d - a +6 ring of evasion (right hand)
 q - the ring "Xotokh" (left hand) {SustAt rElec rPois rC+++ Str-2}
   (You bought it in a shop on level 4 of the Orcish Mines)

   [ring of sustain attributes]

   It sustains your strength, intelligence and dexterity.
   It affects your strength (-2).
   It renders you almost immune to cold.
   It insulates you from electricity.
   It protects you from poison.
 x - an uncursed ring of protection from fire
 B - an amulet of resist mutation (around neck)
 J - an uncursed ring of ice
 O - the ring "Ucodel" {Int+3 SInv}
   (You found it on level 2 of the Swamp)

   [ring of see invisible]

   It affects your intelligence (+3).
   It lets you see invisible.
Wands
 b - a wand of disintegration (10)
 h - a wand of disintegration (18)
 n - a wand of lightning (8)
 K - a wand of draining (4)
 Y - a wand of teleportation (5)
Scrolls
 e - 2 scrolls of blinking
 i - 6 scrolls of amnesia
 l - 3 scrolls of identify
 r - 7 scrolls of teleportation
 s - 2 scrolls of fear
 v - 6 scrolls of recharging
 C - 4 scrolls of fog
 E - a scroll of magic mapping
 I - 15 scrolls of remove curse
 N - 2 scrolls of torment
 Q - a scroll of enchant armour
 W - 4 scrolls of immolation
Potions
 f - 7 potions of brilliance
 j - 4 potions of might
 t - 8 potions of heal wounds
 u - 3 potions of flight
 y - 2 potions of resistance
 z - 8 potions of curing
 S - 2 potions of agility
 U - a potion of cure mutation
 V - a potion of cancellation
Books
 k - a Young Poisoner's Handbook

   Spells                             Type                      Level
   a - Sting                          Conjuration/Poison           1
   b - Cure Poison                    Poison                       2
   c - Mephitic Cloud                 Conjuration/Poison/Air       3
   d - Olgreb's Toxic Radiance        Poison                       4
   e - Venom Bolt                     Conjuration/Poison           5
 m - a book of Minor Magic

   Spells                             Type                      Level
   a - Magic Dart                     Conjuration                  1
   b - Blink                          Translocation                2
   c - Call Imp                       Summoning                    2
   d - Repel Missiles                 Charms/Air                   2
   e - Slow                           Hexes                        2
   f - Conjure Flame                  Conjuration/Fire             3
   g - Mephitic Cloud                 Conjuration/Poison/Air       3
 H - a book of Necromancy

   Spells                             Type                      Level
   a - Pain                           Necromancy                   1
   b - Animate Skeleton               Necromancy                   1
   c - Vampiric Draining              Necromancy                   3
   d - Regeneration                   Charms/Necromancy            3
   e - Animate Dead                   Necromancy                   4
   f - Control Undead                 Necromancy                   4
 L - a book of Changes

   Spells                             Type                      Level
   a - Beastly Appendage              Transmutation                1
   b - Sticks to Snakes               Transmutation                2
   c - Spider Form                    Transmutation/Poison         3
   d - Ice Form                       Ice/Transmutation            4
   e - Blade Hands                    Transmutation                5
 P - a book of Conjurations

   Spells                             Type                      Level
   a - Magic Dart                     Conjuration                  1
   b - Searing Ray                    Conjuration                  2
   c - Dazzling Spray                 Conjuration/Hexes            3
   d - Fulminant Prism                Conjuration/Hexes            4
   e - Iskenderun's Mystic Blast      Conjuration                  4
   f - Iskenderun's Battlesphere      Conjuration/Charms           5
Miscellaneous
 R - a legendary deck of changes {the Potion}
Comestibles
 c - 18 bread rations
 o - 10 fruits
 D - 12 meat rations


   Skills:
 + Level 12.8 Fighting
 + Level 18.1 Polearms
 - Level 15.0 Dodging
 - Level 2.1 Stealth
 + Level 12.3 Spellcasting
 * Level 8.4 Conjurations
 - Level 10.5 Charms
 - Level 4.2 Summonings
 * Level 11.3 Ice Magic
 - Level 8.2 Air Magic
 - Level 11.7 Invocations


You had 17 spell levels left.
You knew the following spells:

 Your Spells              Type           Power        Failure   Level  Hunger
a - Freeze                Ice            ####         1%          1    None
b - Ozocubu's Armour      Chrm/Ice       ######..     1%          3    None
c - Condensation Shield   Ice            ######....   1%          4    None
d - Deflect Missiles      Chrm/Air       ######....   12%         6    ####...
e - Summon Ice Beast      Ice/Summ       ######..     1%          4    None
f - Throw Icicle          Conj/Ice       ######..     1%          4    None
g - Blink                 Tloc           N/A          4%          2    None


Dungeon Overview and Level Annotations

Branches:
Dungeon (15/15)            Temple (1/1) D:6            Lair (8/8) D:9
  Swamp (4/4) Lair:5        Snake (4/4) Lair:5        Slime (0/6) Lair:7
    Orc (4/4) D:10            Elf (0/3) Orc:4        Vaults (0/5) D:14
 Depths (0/5) D:15

Altars:
Ashenzari
Cheibriados
Dithmenos
Elyvilon
Fedhas
Gozag
Kikubaaqudgha
Nemelex Xobeh
Okawaru
Qazlal
Ru
Sif Muna
Trog
Vehumet
Xom
Yredelemnul
Zin
The Shining One
Beogh

Shops:
D:4 ?   D:5 ?   D:6 *?   D:12 (   Orc:3 :   Orc:4 =!([:(

Annotations:
D:5 zkyp's ghost, novice TeAM
Swamp:4 Lernaean hydra


Innate Abilities, Weirdness & Mutations

You revert to your normal form in water.
You are very nimble and swift while swimming.
You are partially covered in large bone plates (AC +2, SH +2).
Your natural rate of healing is unusually fast.
You evolve.


Message History

Casting: Throw Icicle
Confirm with . or Enter, or press ? or * to list all spells.
Aiming: Throw Icicle
Press: ? - help, Shift-Dir - straight line, f - shock serpent
Aim: a shock serpent (severely wounded)
The shard of ice hits the shock serpent.
You kill the shock serpent!
Cheibriados thoroughly appreciates the change of pace.
The air sparks with electricity!
Casting: Throw Icicle
Confirm with . or Enter, or press ? or * to list all spells.
You can't see any susceptible monsters within range! (Use Z to cast anyway.) Unknown command.
The greater naga spits poison at you. You block the splash of poison.
The greater naga points at you and mumbles some strange words.
The poison arrow hits you!
You are poisoned.
You partially resist.
You die...

#...)#....#.
#....######.
#...........
#..<......#
#.........#
##.)....†##
..##).....# ..#
kN.##.....# ....#
≈≈..##..@.# ....
≈§≈..##...# ...
#≈§≈..##..####'#####
#≈§§.N##..........#
#≈≈≈†.##.........#
#≈≈≈..#..†......#
#§§≈YN#N........#
#####)#.))......#
#.(..).).....


You could see a greater naga.

Vanquished Creatures
  Rupert (Lair:4)
  An Ice Fiend (IceCv)
  Gastronok (Lair:2)
  Agnes (D:15)
  Kirke (D:15)
  6 greater nagas
  Donald (Snake:4)
  2 orc warlords (Orc:4)
  Aizul (Snake:1)
  An emperor scorpion (D:15)
  A dire elephant (D:15)
  The ghost of JudasIscariot the Unseen, a journeyman KoAs of Dithmenos (Lair:5)
  9 naga warriors
  14 hydras
  4 centaur warriors
  A catoblepas (Lair:5)
  7 anacondas
  A queen ant (Lair:5)
  9 death yaks
  2 orc high priests (Orc:4)
  7 shock serpents
  3 naga sharpshooters
  8 alligators
  A deep elf knight (Volcano)
  Sonja (D:13)
  The ghost of 4thArraOfDagon the Cleaver, a novice MiBe of Trog (D:12)
  Nergalle (D:12)
  5 ice devils (IceCv)
  3 salamander mystics
  2 spriggan druids (Swamp:4)
  6 unseen horrors
  5 swamp dragons
  4 shambling mangroves
  A naga ritualist (Snake:4)
  3 hill giants
  2 lindwurms (Snake:4)
  6 ugly things
  6 mana vipers
  A hornet (Swamp:3)
  3 cyclopes
  2 griffons
  An orc sorcerer (Orc:3)
  8 salamanders
  16 elephants
  2 guardian serpents (Snake:3)
  2 manticores
  Maurice (Orc:3)
  11 naga magi
  3 ice statues
  25 spiny frogs
  26 black mambas
  2 torpor snails
  2 gargoyles
  4 centaur skeletons
  An efreet (D:14)
  5 fire drakes
  10 komodo dragons
  A golden dragon simulacrum (IceCv)
  2 yaktaurs (D:15)
  6 anaconda simulacra (IceCv)
  3 trolls
  2 blue devils (IceCv)
  4 freezing wraiths
  4 deep elf priests (Volcano)
  11 giant leeches
  A merfolk (D:15)
  27 slime creatures
  4 two-headed ogres
  10 bog bodies
  47 blink frogs
  6 shadows
  A vampire (D:13)
  3 basilisks
  A water elemental (D:15)
  6 deep elf magi
  3 wraiths
  12 hippogriffs
  54 yaks
  Eustachio (D:6)
  A dire elephant simulacrum (IceCv)
  A death yak simulacrum (IceCv)
  5 spriggans
  2 humans
  2 deep elf fighters (Volcano)
  12 wolves
  32 nagas
  A wyvern (D:12)
  A hog (D:15)
  A hungry ghost (D:8)
  16 swamp worms
  32 vampire mosquitoes
  A harpy simulacrum (IceCv)
  2 iron troll simulacra (IceCv)
  10 insubstantial wisps
  A mottled dragon (D:11)
  3 hydra simulacra (IceCv)
  33 orc warriors
  11 porcupines
  6 ice beasts
  20 soldier ants (Lair:5)
  14 water moccasins
  An alligator simulacrum (IceCv)
  3 sky beasts
  15 wasps
  11 swamp drakes
  4 phantoms
  An ettin simulacrum (IceCv)
  7 ogres
  2 eyes of draining (D:12)
  10 crocodiles
  2 big kobolds
  A necrophage (D:9)
  6 centaurs
  A wyvern zombie (D:13)
  36 giant frogs
  7 killer bees
  A wyvern skeleton (D:15)
  5 scorpions
  5 electric eels
  14 wights
  6 crimson imps
  A quasit (D:8)
  16 orc priests
  34 orc wizards
  A gnoll shaman (D:8)
  4 centaur zombies
  3 giant frog zombies
  2 draconian simulacra (IceCv)
  10 iguanas
  2 giant frog skeletons
  3 jellies
  8 hounds
  A wolf simulacrum (IceCv)
  A spriggan simulacrum (IceCv)
  2 polar bear simulacra (IceCv)
  24 worker ants
  23 sheep
  2 troll simulacra (IceCv)
  A centaur simulacrum (IceCv)
  A hound skeleton (D:8)
  10 adders
  6 gnolls (D:8)
  An ogre simulacrum (IceCv)
  58 river rats
  6 naga simulacra (IceCv)
  4 shadow imps
  2 ufetubi (IceCv)
  2 white imps (IceCv)
  2 oozes
  A worm (D:2)
  2 giant geckos
  162 orcs
  3 ball pythons
  A bat zombie (D:3)
  7 giant cockroaches
  5 goblins
  4 hobgoblins
  4 jackals (D:7)
  5 quokkas
  6 bats
  4 giant newts
  15 kobolds
  A quokka skeleton (D:8)
  A quokka zombie (D:7)
  5 rats
  2 rat zombies (D:3)
  4 plants
1271 creatures vanquished.

Vanquished Creatures (collateral kills)
  2 ogre magi
  A death yak (Lair:6)
  A tengu warrior (D:15)
  A hill giant (D:10)
  2 cyclopes
  2 ugly things (D:14)
  A griffon (Lair:2)
  A centaur zombie (D:12)
  A komodo dragon (D:9)
  A yaktaur (D:15)
  2 two-headed ogres
  3 slime creatures (D:13)
  A deep elf mage (D:11)
  4 yaks (D:9)
  A vampire mosquito (D:13)
  2 nagas
  A warg (D:10)
  2 orc warriors
  2 ogres
  A porcupine (Lair:5)
  A black bear (D:10)
  3 centaurs
  A giant frog (D:9)
  An orc priest (D:10)
  An iguana (D:9)
  An orc wizard (D:10)
  8 orcs
48 creatures vanquished.

Vanquished Creatures (others)
  3 humans (D:15)
  An orc wizard (Orc:3)
  A shadow imp (D:15)
  3 white imps (IceCv)
  An ufetubus (IceCv)
  14 fungi
  9 plants
32 creatures vanquished.

Grand Total: 1351 creatures vanquished

Notes
Turn   | Place    | Note
--------------------------------------------------------------
     0 | D:1      | oplop the Merfolk Ice Elementalist began the quest for the Orb.
     0 | D:1      | Reached XP level 1. HP: 13/13 MP: 3/3
   136 | D:1      | Reached XP level 2. HP: 13/19 MP: 3/5
  1100 | D:2      | Reached XP level 3. HP: 10/24 MP: 3/6
  1597 | D:2      | Reached skill level 4 in Ice Magic
  1738 | D:2      | Reached XP level 4. HP: 27/30 MP: 5/8
  1957 | D:3      | Found an ancient bone altar of Kikubaaqudgha.
  2025 | D:3      | Found a faded altar to an unknown god.
  2047 | D:3      | Found a sparkling altar of Nemelex Xobeh.
  2084 | D:3      | Found a basalt altar of Yredelemnul.
  2749 | D:4      | Reached XP level 5. HP: 29/35 MP: 6/9
  2990 | D:4      | Found Kocsy's Magic Scroll Emporium.
  2998 | D:4      | Bought a scroll of teleportation for 39 gold pieces
  2998 | D:4      | Bought a scroll of teleportation for 39 gold pieces
  2998 | D:4      | Bought a scroll of teleportation for 39 gold pieces
  2998 | D:4      | Bought a scroll of teleportation for 39 gold pieces
  3207 | D:5      | Entered Level 5 of the Dungeon
  3377 | D:5      | Reached skill level 5 in Dodging
  3377 | D:5      | Reached XP level 6. HP: 41/41 MP: 5/11
  3419 | D:5      | Reached skill level 5 in Ice Magic
  3855 | D:5      | Noticed zkyp's ghost (novice TeAM)
  3947 | D:6      | Found Ateluts's General Store.
  3952 | D:6      | Learned a level 3 spell: Ozocubu's Armour
  3957 | D:6      | Learned a level 4 spell: Condensation Shield
  3960 | D:6      | Learned a level 2 spell: Confusing Touch
  3965 | D:6      | Found Yrijig's Magic Scroll Boutique.
  3998 | D:6      | Found a blossoming altar of Fedhas.
  4039 | D:6      | Found a stormy altar of Qazlal.
  4301 | D:6      | Reached XP level 7. HP: 38/46 MP: 5/13
  4305 | D:6      | Reached skill level 6 in Dodging
  4400 | D:6      | Noticed Eustachio
  4438 | D:6      | Killed Eustachio
  4538 | D:6      | Found a shimmering altar of Xom.
  4564 | D:6      | Found a staircase to the Ecumenical Temple.
  4572 | D:6      | Bought a potion of heal wounds for 70 gold pieces
  4584 | Temple   | Entered the Ecumenical Temple
  4725 | D:5      | Noticed a sky beast
  4733 | D:5      | Killed a sky beast
  4912 | D:7      | Reached skill level 7 in Dodging
  4912 | D:7      | Reached XP level 8. HP: 29/52 MP: 15/15
  5050 | D:7      | Reached skill level 5 in Spellcasting
  5313 | D:8      | Reached skill level 8 in Dodging
  5563 | D:8      | Reached skill level 1 in Fighting
  5563 | D:8      | Reached skill level 1 in Polearms
  5650 | D:8      | Reached XP level 9. HP: 49/61 MP: 11/18
  6241 | D:8      | Learned a level 4 spell: Summon Ice Beast
  6246 | D:8      | Learned a level 4 spell: Throw Icicle
  6451 | D:7      | Reached skill level 5 in Polearms
  6455 | D:7      | Reached skill level 1 in Conjurations
  6481 | D:7      | Reached skill level 1 in Summonings
  6758 | D:6      | Bought a scroll of amnesia for 42 gold pieces
  6880 | D:5      | Found Hidoobb's Magic Scroll Shop.
  6887 | D:5      | Gained mutation: You are partially covered in icy blue scales (AC +1). [potion of beneficial mutation]
  6888 | D:5      | Bought a scroll of identify for 22 gold pieces
  6888 | D:5      | Bought a scroll of identify for 22 gold pieces
  6889 | D:5      | Gained mutation: Your spells are a little easier to cast, but a little less powerful. [potion of mutation]
  6889 | D:5      | Gained mutation: You evolve. [potion of mutation]
  6907 | D:5      | Gained mutation: Your flesh is cold resistant. [evolution]
  7409 | D:8      | Reached XP level 10. HP: 32/73 MP: 20/20
  7736 | D:9      | Reached skill level 5 in Fighting
  8366 | D:9      | Found a deep blue altar of Sif Muna.
  8389 | D:9      | Identified Sif Muna's Papyrus of the Escort
  8749 | D:9      | Found a staircase to the Lair.
  8750 | D:9      | Noticed a komodo dragon
  8770 | D:9      | Killed a komodo dragon
  8814 | D:10     | Entered Level 10 of the Dungeon
  8940 | Temple   | Became a worshipper of Cheibriados the Contemplative
  9162 | D:10     | Reached skill level 1 in Invocations
  9162 | D:10     | Reached XP level 11. HP: 73/80 MP: 23/23
  9280 | D:10     | Noticed a hill giant
  9299 | D:10     | Killed a hill giant
  9299 | D:10     | Reached * piety under Cheibriados
  9484 | D:10     | Found a staircase to the Orcish Mines.
  9794 | D:11     | Reached skill level 9 in Polearms
 10060 | D:11     | Gained mutation: You possess an exceptional clarity of mind. [evolution]
 10281 | D:11     | Reached ** piety under Cheibriados
 10497 | D:11     | Noticed an unseen horror
 10509 | D:11     | Killed an unseen horror
 10696 | D:12     | Reached skill level 5 in Conjurations
 10744 | D:12     | Noticed 4thArraOfDagon's ghost (novice MiBe)
 10807 | D:12     | Found Potrif's Antique Weapon Boutique.
 10838 | D:12     | You fall through a shaft for 2 floors!
 10870 | D:14     | Reached skill level 10 in Polearms
 10880 | D:14     | Reached skill level 5 in Invocations
 10959 | D:14     | Noticed an unseen horror
 10965 | D:14     | Killed an unseen horror
 10965 | D:14     | Reached XP level 12. HP: 84/88 MP: 25/25
 10982 | D:14     | Reached *** piety under Cheibriados
 11042 | D:13     | Noticed Sonja
 11052 | D:13     | Reached skill level 11 in Polearms
 11061 | D:13     | Killed Sonja
 11170 | D:13     | Noticed a centaur warrior
 11175 | D:13     | Killed a centaur warrior
 11377 | D:13     | Noticed a centaur warrior
 11389 | D:13     | Killed a centaur warrior
 11675 | D:13     | Reached **** piety under Cheibriados
 12146 | D:13     | Gained mutation: You can translocate small distances at will. [evolution]
 12371 | D:14     | Noticed an eight-headed hydra
 12725 | D:12     | Reached skill level 12 in Polearms
 12766 | D:12     | Killed 4thArraOfDagon's ghost
 12918 | D:12     | Noticed a hill giant
 12922 | D:12     | Killed a hill giant
 13043 | D:12     | Noticed Nergalle
 13080 | D:12     | Killed Nergalle
 13190 | D:12     | Reached XP level 13. HP: 63/98 MP: 26/26
 13363 | D:12     | Bought a runed glaive for 221 gold pieces
 13455 | D:13     | Reached skill level 10 in Dodging
 13523 | D:14     | Noticed an anaconda
 13523 | D:14     | Noticed a five-headed hydra
 13523 | D:14     | Noticed a deep elf conjurer
 13591 | D:13     | Reached skill level 13 in Polearms
 13656 | D:14     | Found a gate to the Vaults.
 13657 | D:14     | Noticed an ogre mage
 13660 | D:14     | Killed an ogre mage
 13660 | D:14     | Reached ***** piety under Cheibriados
 13920 | D:14     | Noticed a hill giant
 13926 | D:14     | Killed a hill giant
 14005 | D:14     | Noticed a centaur warrior
 14013 | D:14     | Killed a centaur warrior
 14275 | D:15     | Entered Level 15 of the Dungeon
 14359 | D:15     | Noticed Kirke
 14647 | D:15     | Found a blossoming altar of Fedhas.
 14675 | D:15     | Lost mutation: You possess an exceptional clarity of mind. [potion of cure mutation]
 14675 | D:15     | Lost mutation: You are partially covered in icy blue scales (AC +1). [potion of cure mutation]
 14675 | D:15     | Lost mutation: Your spells are a little easier to cast, but a little less powerful. [potion of cure mutation]
 14675 | D:15     | Lost mutation: You can translocate small distances at will. [potion of cure mutation]
 14675 | D:15     | Lost mutation: Your flesh is cold resistant. [potion of cure mutation]
 14680 | D:15     | Killed a 12-headed hydra
 14680 | D:15     | Reached skill level 14 in Polearms
 14807 | D:15     | Killed Kirke
 14939 | D:15     | Noticed a dire elephant
 14939 | D:15     | Noticed Agnes
 14943 | D:15     | Noticed an emperor scorpion
 14963 | D:15     | Killed a dire elephant
 15008 | D:15     | Gained mutation: Your body sometimes deteriorates upon taking damage. [evolution]
 15021 | D:15     | Killed Agnes
 15021 | D:15     | Reached XP level 14. HP: 100/109 MP: 21/27
 15027 | D:15     | Killed an emperor scorpion
 15027 | D:15     | Reached skill level 10 in Fighting
 15186 | D:15     | Reached skill level 10 in Invocations
 15447 | D:15     | Found a staircase to the Depths.
 15868 | Lair:1   | Entered Level 1 of the Lair of Beasts
 15936 | Lair:1   | Reached skill level 15 in Polearms
 16462 | Lair:1   | Gained mutation: You are partially covered in large bone plates (AC +2, SH +2). [evolution]
 16632 | Lair:2   | Noticed Gastronok
 16651 | Lair:2   | Killed Gastronok
 17727 | Lair:3   | Reached ****** piety under Cheibriados
 18647 | Lair:4   | Noticed Rupert
 18654 | Lair:4   | Killed Rupert
 18654 | Lair:4   | Reached skill level 16 in Polearms
 18654 | Lair:4   | Reached XP level 15. HP: 119/119 MP: 28/28
 18887 | Lair:4   | Found a white marble altar of Elyvilon.
 19387 | Lair:5   | Found a dark tunnel.
 19395 | Volcano  | Entered a volcano
 19587 | Lair:5   | Noticed JudasIscariot's ghost (journeyman KoAs)
 19917 | Lair:5   | Killed JudasIscariot's ghost
 19925 | Lair:5   | Gained mutation: Your natural rate of healing is unusually fast. [evolution]
 20039 | Lair:5   | Found a staircase to the Snake Pit.
 20227 | Lair:5   | Found a staircase to the Swamp.
 20778 | Lair:6   | Reached skill level 10 in Spellcasting
 21369 | Lair:6   | Reached skill level 17 in Polearms
 21713 | Lair:7   | Found a staircase to the Slime Pits.
 21986 | Lair:7   | Reached XP level 16. HP: 127/127 MP: 30/30
 22167 | Lair:7   | Learned a level 6 spell: Deflect Missiles
 22481 | Lair:8   | Entered Level 8 of the Lair of Beasts
 22626 | Lair:8   | Reached skill level 1 in Air Magic
 22636 | Lair:8   | Reached skill level 1 in Charms
 22925 | Lair:8   | Reached skill level 15 in Dodging
 23842 | Orc:1    | Entered Level 1 of the Orcish Mines
 24244 | Orc:3    | Lost mutation: Your body sometimes deteriorates upon taking damage. [evolution]
 24279 | Orc:3    | Found Jagrua Leth's Book Emporium.
 24370 | Orc:3    | Learned a level 2 spell: Blink
 24386 | Orc:3    | Noticed Maurice
 24392 | Orc:3    | Killed Maurice
 24568 | Orc:4    | Entered Level 4 of the Orcish Mines
 24600 | Orc:4    | Found a roughly hewn altar of Beogh.
 24686 | Orc:4    | Found Mozeg's Book Shop.
 24783 | Orc:4    | Found Hiohuq's Weapon Boutique.
 24922 | Orc:4    | Found a roughly hewn altar of Beogh.
 24922 | Orc:4    | Found Gubolist's Antique Weapon Emporium.
 24926 | Orc:4    | Found Tamethoj's Antique Armour Shoppe.
 24936 | Orc:4    | Bought a pair of boots for 157 gold pieces
 24936 | Orc:4    | Bought a pair of glowing gloves for 157 gold pieces
 24958 | Orc:4    | Bought a runed glaive for 188 gold pieces
 25083 | Orc:4    | Found a roughly hewn altar of Beogh.
 25139 | Orc:4    | Found a staircase to the Elven Halls.
 25220 | Orc:4    | Found a roughly hewn altar of Beogh.
 25283 | Orc:4    | Found a roughly hewn altar of Beogh.
 25284 | Orc:4    | Found Cicvakk's Distillery.
 25318 | Orc:4    | Bought a potion of heal wounds for 75 gold pieces
 25318 | Orc:4    | Bought a potion of heal wounds for 75 gold pieces
 25379 | Orc:4    | Found a roughly hewn altar of Beogh.
 25380 | Orc:4    | Found Siloxtop's Jewellery Emporium.
 25417 | Orc:4    | Bought the ring "Xotokh" {SustAt rElec rPois rC+++ Str-2} for 864 gold pieces
 25417 | Orc:4    | Bought an uncursed amulet of resist mutation for 520 gold pieces
 25508 | Orc:4    | Reached skill level 5 in Charms
 25795 | Swamp:1  | Entered Level 1 of the Swamp
 26714 | Swamp:2  | Got a flickering lead ring
 26723 | Swamp:2  | Identified the ring "Ucodel" {Int+3 SInv} (You found it on level 2 of the Swamp)
 27003 | Swamp:3  | Reached skill level 5 in Air Magic
 27348 | Swamp:3  | Reached XP level 17. HP: 104/133 MP: 19/32
 27667 | Swamp:4  | Entered Level 4 of the Swamp
 28484 | Swamp:4  | Noticed the 27-headed Lernaean hydra
 28634 | Snake:1  | Entered Level 1 of the Snake Pit
 28761 | Snake:1  | Noticed Aizul
 28774 | Snake:1  | Killed Aizul
 29525 | Snake:2  | Reached skill level 10 in Charms
 29580 | Snake:2  | Found a frozen archway.
 29643 | IceCv    | Entered an ice cave
 30111 | IceCv    | Noticed an Ice Fiend
 30466 | IceCv    | Killed an Ice Fiend
 30526 | IceCv    | Got a pair of encrusted boots
 30537 | IceCv    | Identified the +0 pair of boots of Piceige {rElec rN++} (You found it in an ice cave)
 30584 | Snake:2  | Reached XP level 18. HP: 140/140 MP: 34/34
 30839 | Snake:2  | Reached skill level 10 in Ice Magic
 31182 | Snake:3  | Found a runed door.
 31885 | Snake:4  | Entered Level 4 of the Snake Pit
 31895 | Snake:4  | Reached skill level 18 in Polearms
 32339 | Snake:4  | Noticed Donald
 32345 | Snake:4  | Killed Donald
 32476 | Snake:4  | Killed from afar by a greater naga

Action                   |  1- 3 |  4- 6 |  7- 9 | 10-12 | 13-15 | 16-18 || total
-------------------------+-------+-------+-------+-------+-------+-------++-------
Melee: Unarmed           |    20 |       |       |       |       |       ||    20
       Dagger            |    52 |    57 |    42 |       |       |       ||   151
       Short sword       |       |       |    38 |       |       |       ||    38
       Halberd           |       |       |   178 |   285 |       |       ||   463
       Glaive            |       |       |       |   294 |   977 |  1647 ||  2918
       Trident           |       |       |       |       |       |     4 ||     4
 Cast: Freeze            |    43 |    75 |   137 |    26 |       |       ||   281
       Ozocubu's Armour  |       |     3 |    15 |    39 |    29 |    21 ||   107
       Condensation Shie |       |     1 |       |     8 |    27 |    21 ||    57
       Summon Ice Beast  |       |       |       |    52 |    26 |     4 ||    82
       Throw Icicle      |       |       |       |    31 |    40 |    33 ||   104
       Blink             |       |       |       |       |       |     3 ||     3
       Deflect Missiles  |       |       |       |       |       |     1 ||     1
Invok: Temporal Distorti |       |       |       |     2 |       |       ||     2
       Slouch            |       |       |       |     1 |     9 |     9 ||    19
Evoke: Wand              |       |       |     1 |       |     4 |     1 ||     6
  Use: Potion            |       |     5 |     2 |     1 |     3 |     1 ||    12
       Scroll            |       |     9 |     7 |     3 |    12 |    12 ||    43
 Stab: Sleeping          |       |     5 |     2 |     6 |    17 |    36 ||    66
       Distracted        |       |       |     1 |     9 |     8 |    14 ||    32
       Confused          |       |       |       |       |       |     1 ||     1
  Eat: Chunk             |     3 |     2 |     6 |    17 |     6 |     3 ||    37
       Pizza             |       |     2 |     1 |     2 |       |     2 ||     7
       Fruit             |       |     6 |       |     1 |    15 |       ||    22
       Bread ration      |       |       |     1 |       |       |       ||     1
       Beef jerky        |       |       |       |     2 |     1 |     3 ||     6
       Meat ration       |       |       |       |       |       |     3 ||     3
